 Dungeon Crawl Stone Soup version 0.27.0-1-g7a089689b8 (webtiles) character file.

Game seed: 13156469113344166486

2891 Froggeryz the Slicer (level 9, -1/56 HPs)
             Began as an Octopode Berserker on Aug 16, 2021.
             Was a High Priest of Trog.
             Killed by divine providence
             ... invoked by an orc priest
              (16 damage)
             ... on level 7 of the Dungeon.
             The game lasted 00:08:09 (8234 turns).

Froggeryz the Slicer (Octopode Berserker)           Turns: 8234, Time: 00:08:10

Health: -1/56      AC:  1    Str: 17    XL:     9   Next: 77%
Magic:  9/9        EV: 15    Int:  9    God:    Trog [*****.]
Gold:   282        SH:  0    Dex: 14    Spells: 8/8 levels left

rFire    . . .     SeeInvis .   a - +0 short sword
rCold    . . .     Faith    .   (no shield)
rNeg     . . .     Spirit   .   (helmet restricted)
rPois    .         Reflect  .   (no amulet)
rElec    .         Harm     .   y - +4 ring of slaying
rCorr    .         Rampage  .   (no ring)
Will     .....                  (no ring)
Stlth    +++++.....             (no ring)
HPRegen  0.18/turn              (no ring)
MPRegen  0.11/turn              (no ring)
                                (no ring)
                                (no ring)

@: lethally poisoned (-1 -> -6)
A: almost no armour, amphibious, 8 rings, camouflage 1, gelatinous body 1,
(nimble swimmer 1), tentacles
a: Renounce Religion, Berserk, Trog's Hand, Brothers in Arms


You were on level 7 of the Dungeon.
You worshipped Trog.
Trog was extremely pleased with you.
You visited 1 branch of the dungeon, and saw 7 of its levels.
You also visited: Bailey.

You collected 282 gold pieces.

Inventory:

Hand Weapons
 a - a +0 short sword (weapon)
Missiles
 c - 4 javelins
 d - a throwing net
 f - 22 poisoned darts (quivered)
Jewellery
 g - a ring of fire
 y - a +4 ring of slaying (left tentacle)
Wands
 i - a wand of paralysis (5)
 k - a wand of acid (16)
Scrolls
 l - 2 scrolls of enchant weapon
 m - 3 scrolls of fog
 o - a scroll of enchant armour
 p - 2 scrolls of teleportation
 u - a scroll of fear
 v - a scroll of magic mapping
Potions
 b - 2 potions of might
 e - 3 potions of brilliance {unknown}
 h - a potion of attraction {unknown}
 j - a potion of curing {unknown}
 n - a potion of lignification {unknown}
 r - 2 potions of mutation {unknown}
 s - 3 potions of resistance
 t - a potion of cancellation {unknown}
 w - 2 potions of haste {unknown}
 x - 3 potions of invisibility {unknown}
 z - a potion of heal wounds {unknown}
 A - 2 potions of magic {unknown}
Miscellaneous
 q - a condenser vane


   Skills:
 - Level 3.0 Fighting
 * Level 10.7 Short Blades
 * Level 5.7 Dodging
 - Level 9.1 Stealth


You had 8 spell levels left.
You didn't know any spells.
Your spell library was empty.

Dungeon Overview and Level Annotations

Branches:
Dungeon (7/15)             Temple (0/1) D:7          Bailey (visited)

Altars:
Uskayaw

Shops:
D:6 (


Innate Abilities, Weirdness & Mutations

You cannot wear most types of armour.
You are amphibious.
You can wear up to eight rings at the same time.
Your skin changes colour to match your surroundings (Stealth+).
Your rubbery body absorbs attacks. (AC +1, EV +1)
((You are camouflaged near water. (Stealth+)))
You have tentacles for arms and can constrict up to eight enemies at once.


Message History

You kill the orc!
Trog accepts your kill.
You barely miss the orc priest. You grab the orc priest.
You squeeze the orc priest.
The orc priest is lightly wounded.
You constrict the orc priest. The orc priest hits you with a +0 whip!
You puncture the orc priest!
The orc priest is severely wounded.
You constrict the orc priest.
The orc priest looks encouraged for a moment.
You completely miss the orc priest. You squeeze the orc priest.
You kill the orc priest!
Trog accepts your kill.
Trog will now gift you melee weapons as you gain piety.
You hear some strange, mumbled words.
You are confused.
You are too confused!
Something hits you.
You are poisoned.
Things that are here:
a +0 whip; an orc corpse You feel very sick.
Something hits you.
You are more poisoned.
You feel very sick. Something barely misses you.
You hit something but do no damage.
You feel sick.
You feel very sick.
You barely miss something.
You feel less confused.
You feel sick. Something hits you.
You closely miss something.
You feel sick.
You miss something.
You feel sick. Something hits you but does no damage.
You miss something.
You feel sick.
The orc priest shouts!
You hit something. Your squeeze misses something.
You feel sick.
You hear a shout!
The orc priest invokes the aid of Beogh against you.
Beogh smites you!
You die...

#....#........,,,,,,,,,,,,#...#..
...........##.........,,,...###..
#........:..##.#.....##o,...,,##.
#........#..##..#.......,$.,,**#.
....##...#..#..##..........,,,###
....#......##..#........,,,,..#.#
........#...............,,,,..#..
.......###.#............,,,......
.##...##...#..){@.......,,*......
...........#..)....##$..,,*...#..
.....:.............#....,,#......
........#...........##...,.......
..##............#........#*#..#..
..##..#.#..##...#.........*#..#..
......##)..##...........<###.....
..#..#.....#.##[.................
...#...............).............


You could see an orc priest.

Vanquished Creatures
  Eustachio (D:5)
  Menkaure (D:5)
  2 water moccasins
  A hornet zombie (D:7)
  2 orc warriors
  A sky beast (D:6)
  2 black bears (D:6)
  5 ogres
  2 centaurs
  7 scorpions
  A wyvern skeleton (D:7)
  A howler monkey (D:6)
  2 hounds
  2 orc priests
  3 jellies
  A bullfrog skeleton (D:5)
  2 iguanas (D:5)
  Terence (D:2)
  A hound zombie (D:5)
  A howler monkey zombie (D:6)
  22 gnolls
  5 adders
  A white imp (D:6)
  An ufetubus (D:5)
  A worm (D:5)
  A dart slug (D:2)
  15 orcs
  9 bats
  8 endoplasms
  6 giant cockroaches
  11 goblins
  20 hobgoblins
  8 jackals
  6 quokkas
  3 training dummies (D:6)
  2 ball pythons
  5 frilled lizards
  23 kobolds
  3 rats
189 creatures vanquished.

Vanquished Creatures (others)
  9 fungi (D:6)
9 creatures vanquished.

Grand Total: 198 creatures vanquished

Notes
Turn   | Place    | Note
-------+----------+-------------------------------------------
     0 | D:1      | Froggeryz the Octopode Berserker began the quest for the
                  | Orb.
     0 | D:1      | Reached XP level 1. HP: 16/16 MP: 1/1
   239 | D:1      | Reached skill level 1 in Stealth
   306 | D:1      | Reached XP level 2. HP: 17/21 MP: 2/2
   556 | D:1      | Found a faded altar of an unknown god.
  1055 | D:2      | Reached XP level 3. HP: 26/26 MP: 3/3
  1117 | D:2      | Reached skill level 4 in Short Blades
  1231 | D:2      | Reached ** piety under Trog
  1455 | D:2      | Reached XP level 4. HP: 20/31 MP: 4/4
  1728 | D:2      | Found a hide-covered altar of Uskayaw.
  1880 | D:2      | Reached XP level 5. HP: 27/36 MP: 5/5
  2212 | D:2      | Noticed Terence
  2224 | D:2      | Killed Terence
  2225 | D:2      | Reached skill level 5 in Short Blades
  3521 | D:4      | Reached XP level 6. HP: 26/42 MP: 6/6
  3862 | D:5      | Entered Level 5 of the Dungeon
  3883 | D:5      | Noticed a water moccasin
  3988 | D:5      | Killed a water moccasin
  3989 | D:5      | Reached skill level 6 in Short Blades
  3989 | D:5      | Reached skill level 5 in Stealth
  4509 | D:5      | Reached XP level 7. HP: 28/46 MP: 7/7
  4646 | D:5      | Noticed Menkaure
  4655 | D:5      | Killed Menkaure
  4656 | D:5      | Reached skill level 7 in Short Blades
  4798 | D:5      | Reached *** piety under Trog
  4814 | D:5      | Noticed Eustachio
  4845 | D:5      | Killed Eustachio
  4846 | D:5      | Reached XP level 8. HP: 36/52 MP: 8/8
  5026 | D:5      | Reached skill level 8 in Short Blades
  5677 | D:6      | Found the +7 Singing Sword {vorpal, sonic wave}
  5692 | D:6      | Reached skill level 9 in Short Blades
  6071 | D:6      | Found Zuimof's Firing Range.
  6494 | D:6      | Reached XP level 9. HP: 52/56 MP: 9/9
  6773 | D:6      | Reached skill level 10 in Short Blades
  7228 | D:7      | Reached **** piety under Trog
  7367 | D:7      | Found a flagged portal.
  7373 | D:7      | Reached skill level 5 in Dodging
  7477 | Bailey   | Entered a bailey
  8159 | Bailey   | Acquired a +4 ring of slaying
  8224 | D:7      | Reached ***** piety under Trog
  8234 | D:7      | Killed from afar by an orc priest

Illustrated notes

Levels and vault maps discovered:
D:1:      amcnicky_arrival_underground_garden, layout_basic,
          hellmonk_ecumenical_altar_run_dry
D:2:      layout_loops_ring, basic_altar, minmay_goblin_outpost, uniq_terence
D:3:      wad_pebble_path, layout_basic, serial_aquarium,
          aquarium_bridge_straight [aquarium_subvault_bridge,
          aquarium_subvault_balcony, aquarium_subvault_bridge,
          aquarium_subvault_window], aquarium_window_corridor_1,
          aquarium_window_1, aquarium_window_2, aquarium_window_2,
          aquarium_view_2b, aquarium_balcony_3a, minmay_checkerbox
D:4:      layout_rooms, minivault_24
D:5:      layout_cave_pools, minmay_misc_feat_tower, uniq_eustachio,
          uniq_menkaure
D:6:      old_forge, layout_basic, hex_large, nicolae_shop_firing_range
D:7:      layout_cave_pools, minmay_temple_entry_junction, enter_bailey_7

Skill      XL: |  1  2  3  4  5  6  7  8  9 |
---------------+----------------------------+-----
Stealth        | 1 2 3 4 5 6 9 |  9.1
Short Blades   | 4 5 6 7 9 10 | 10.7
Dodging        | 5 |  5.7
Fighting       | |  3.0

Action                   |  1- 3 |  4- 6 |  7- 9 || total
-------------------------+-------+-------+-------++-------
Melee: Short sword       |    78 |   139 |   256 ||   473
       Constrict         |    16 |    31 |    57 ||   104
       Tentacles         |    10 |    25 |    65 ||   100
Invok: Berserk           |       |     2 |     4 ||     6
       Trog's Hand       |       |       |     1 ||     1
Evoke: Wand              |       |       |     2 ||     2
  Use: Scroll            |       |       |    10 ||    10
 Stab: Sleeping          |     8 |    10 |    15 ||    33
       Distracted        |     1 |     2 |     1 ||     4
       Held in net/web   |       |       |     2 ||     2
       Paralysed         |       |       |     2 ||     2
Armor: Skin              |     5 |     4 |    14 ||    23
Dodge: Dodged            |    57 |    67 |   162 ||   286
